 Dungeon Crawl Stone Soup version 0.30.1-3-gfc49f6343a (webtiles) character file.

Game seed: 14325109008719592661

9353 Heoruswealwe the Eclecticist (level 11, -1/54 HPs)
             Began as a Deep Elf Conjurer on July 27, 2023.
             Was an Elder of Vehumet.
             Hit by a stone thrown by an orc knight (10 damage)
             ... on level 10 of the Dungeon.
             The game lasted 01:48:55 (9735 turns).

Heoruswealwe the Eclecticist (Deep Elf Conjurer)    Turns: 9735, Time: 01:48:56

Health: -1/54      AC:  7    Str:  4    XL:     11   Next: 21%
Magic:  17/33      EV: 12    Int: 28    God:    Vehumet [****..]
Gold:   720        SH:  0    Dex: 13    Spells: 21/42 levels left

rFire   . . .        b - +0 executioner's axe
rCold   . . .        (shield currently unavailable)
rNeg    . . .        c - +0 steam dragon scales
rPois   .            (no helmet)
rElec   .            h - +0 cloak
rCorr   .            (no gloves)
SInv    .            e - +0 pair of boots
Will    ++...        (no amulet)
Stlth   ++           k - ring of wizardry
HPRegen 0.29/turn    j - ring of willpower
MPRegen 0.23/turn

%: wizardry (x1)
@: no status effects
A: no striking features
a: Renounce Religion


You were on level 10 of the Dungeon.
You worshipped Vehumet.
Vehumet was greatly pleased with you.
You visited 2 branches of the dungeon, and saw 11 of its levels.

You collected 720 gold pieces.

Inventory:

Hand Weapons
 b - a +0 executioner's axe (weapon)
 w - a +0 arbalest
Armour
 c - +0 steam dragon scales (worn)
 e - a +0 pair of boots (worn)
 h - a +0 cloak (worn)
 m - a scarf of invisibility
 I - a +1 robe of cold resistance
Jewellery
 j - a ring of willpower (right hand)
 k - a ring of wizardry (left hand)
 B - a ring of protection from cold
 J - a ring of resist corrosion
Wands
 i - a wand of polymorph (2)
 o - a wand of digging (3)
 v - a wand of flame (12)
 z - a wand of quicksilver (7)
Scrolls
 a - 2 scrolls of enchant weapon
 n - a scroll of torment {unknown}
 s - 2 scrolls of poison {unknown}
 t - a scroll of fog {unknown}
 y - a scroll of butterflies
 C - a scroll of amnesia {unknown}
 E - a scroll of brand weapon {unknown}
 G - 2 scrolls of blinking {unknown}
 H - a scroll of fear {unknown}
Potions
 d - 4 potions of mutation {unknown}
 f - 2 potions of degeneration {unknown}
 g - 3 potions of attraction {unknown}
 l - a potion of resistance {unknown}
 p - a potion of haste {unknown}
 q - 2 potions of magic
 r - 3 potions of might
 u - a potion of flight {unknown}
 x - 3 potions of berserk rage {unknown}
 D - a potion of ambrosia {unknown}
 F - 4 potions of brilliance {unknown}


   Skills:
 - Level 2.4 Dodging
 - Level 2.4 Stealth
 + Level 16.1 Spellcasting
 + Level 14.1 Conjurations


You had 21 spell levels left.
You knew the following spells:

 Your Spells              Type           Power      Damage    Failure   Level
a - Magic Dart            Conj           100%       1d8       0%          1
b - Shock                 Conj/Air       100%       1d9       1%          1
c - Searing Ray           Conj           100%       2d8       0%          2
d - Dazzling Flash        Conj/Hex       100%       N/A       1%          3
e - Hailstorm             Conj/Ice       58%        3d13      1%          3
f - Mephitic Cloud        Conj/Pois/Air  49%        N/A       1%          3
g - Iskenderun's Mystic   Conj/Tloc      58%        2d12      1%          4
h - Fulminant Prism       Conj/Hex       29%        3d14      1%          4

Your spell library contained the following spells:

 Spells                   Type           Power      Damage    Failure   Level
 Beastly Appendage        Tmut           44%        N/A       1%          1
 Wereblood                Tmut           22%        N/A       1%          2
 Frozen Ramparts          Ice            44%        1d7       1%          3
 Inner Flame              Hex/Fire       22%        N/A       1%          3
 Spider Form              Tmut/Pois      22%        N/A       2%          3
 Yara's Violent Unravell  Hex/Tmut       11%        3d6       7%          5
 Animate Dead             Necr           22%        N/A       9%          4
 Ice Form                 Ice/Tmut       22%        N/A       9%          4
 Summon Ice Beast         Ice/Summ       22%        N/A       9%          4
 Borgnjor's Vile Clutch   Necr/Erth      11%        N/A       24%         5
 Death Channel            Necr           11%        N/A       75%         6
 Enfeeble                 Hex            11%        N/A       99%         7


Dungeon Overview and Level Annotations

Branches:
Dungeon (10/15)            Temple (1/1) D:4            Lair (0/5) D:10
    Orc (0/2) D:9

Altars:
Ashenzari
Cheibriados
Dithmenos
Elyvilon
Fedhas
Gozag
Hepliaklqana
Kikubaaqudgha
Makhleb
Nemelex Xobeh
Okawaru
Qazlal
Ru
Sif Muna
Trog
Uskayaw
Vehumet
Wu Jian
Xom
Yredelemnul
Zin
The Shining One


Message History

Casting: Magic Dart (safe; 0% risk of failure)
Confirm with . or Enter, or press ? or * to list all spells.
Aiming: Fulminant Prism (safe; 1% risk of failure)
Press: ? - help, Dir - move target You conjure a prism of explosive energy!
A fulminant prism comes into view.
The centaur shoots an arrow.
The arrow hits you.
The centaur shoots an arrow.
The arrow barely misses you.
The centaur unwields a +0 shortbow.
The centaur hits your fulminant prism but does no damage.
The centaur kicks your fulminant prism but does no damage.
Your fulminant prism crackles loudly.
The centaur hits your fulminant prism.
The centaur kicks your fulminant prism but does no damage.
Your fulminant prism explodes!
The blast of energy engulfs the centaur!!
You kill the centaur!
Vehumet accepts your kill.
You hear an angry hiss.
The magic dart hits the wolf.
The wolf is heavily wounded.
The magic dart hits the wolf!
The wolf is severely wounded.
The magic dart hits the wolf.
The wolf is almost dead.
The magic dart hits the wolf!
You kill the wolf!
Vehumet accepts your kill.
The orc knight shouts!
The orc knight throws a stone.
The stone hits you!
The cyclops throws a large rock.
The large rock hits you!!
* * * LOW HITPOINT WARNING * * *
The orc knight throws a stone.
The stone hits you but does no damage.
You feel better.
The cyclops throws a large rock.
The large rock hits you!
* * * LOW HITPOINT WARNING * * *
The orc knight throws a stone.
The stone hits you but does no damage.
The orc knight throws a stone.
The stone completely misses you.
The orc knight throws a stone.
The stone hits you!
You die...

#[#.#####..C..)
#####...#..>'......
#..............~~~~≈
#..........~..~~≈≈≈≈≈
#......~~~..~~≈≈≈≈≈≈≈
####.........~.≈~≈≈≈≈≈≈~
#..........~~~≈≈~≈≈~≈≈≈~
#.##......~≈≈≈≈~~.~.~~.≈
#)##...@..~~~~~~......~≈
#†######............>..≈
#.# #...~~~~~......~~
#.# ##.....≈≈≈~...~..~
#.# #...~≈~~≈≈≈≈~..~~≈
#.# #....~≈≈≈≈~~≈≈C~~~
#.# #......≈~..~†~~~†)
#.# #.....o..C......~.
#.# ##................


You could see an orc knight.

Vanquished Creatures
  Fannar (D:10)
  An ugly thing (D:10)
  A cyclops (D:10)
  Maurice (D:9)
  A gargoyle (D:9)
  2 trolls (D:10)
  A hornet (D:9)
  Sigmund (D:3)
  A basilisk (D:10)
  4 yaks (D:10)
  A steam dragon (D:6)
  4 vampire mosquitoes (D:10)
  A warg (D:9)
  4 water moccasins
  A black bear (D:7)
  3 orc warriors
  2 sky beasts (D:7)
  An ice beast (D:8)
  An ogre (D:4)
  4 wolves (D:10)
  2 centaurs
  2 kobold brigands
  6 bullfrogs
  8 scorpions
  3 wights (D:6)
  14 killer bees (D:9)
  4 howler monkeys
  3 electric eels (D:10)
  5 orc priests
  7 hounds
  3 jellies
  2 gnoll boudas
  A sleepcap (D:4)
  2 iguanas
  18 orc wizards
  Natasha (thrice) (D:2)
  10 gnolls
  11 adders
  3 shadow imps
  A white imp (D:7)
  3 worms
  2 dart slugs
  28 orcs
  12 bats
  4 endoplasms
  3 giant cockroaches
  5 hobgoblins
  9 jackals
  7 quokkas
  4 ball pythons
  3 frilled lizards
  6 goblins
  22 kobolds
  3 rats
255 creatures vanquished.

Vanquished Creatures (others)
  9 fulminant prisms
9 creatures vanquished.

Grand Total: 264 creatures vanquished

Notes
Turn   | Place    | Note
-------+----------+-------------------------------------------
     0 | D:1      | Heoruswealwe the Deep Elf Conjurer began the quest for the
                  | Orb.
     0 | D:1      | Reached XP level 1. HP: 10/10 MP: 6/6
   216 | D:1      | Reached XP level 2. HP: 15/15 MP: 3/8
   219 | D:1      | Learned a level 2 spell: Searing Ray
   683 | D:2      | Reached skill level 4 in Spellcasting
   685 | D:2      | Reached skill level 5 in Conjurations
   697 | D:2      | Reached XP level 3. HP: 10/19 MP: 1/10
   701 | D:2      | Learned a level 3 spell: Dazzling Flash
   792 | D:2      | Noticed Natasha
   795 | D:2      | Killed Natasha
  1094 | D:2      | Reached XP level 4. HP: 24/24 MP: 9/12
  1099 | D:2      | Learned a level 4 spell: Fulminant Prism
  1168 | D:2      | Noticed Natasha
  1202 | D:2      | Killed Natasha
  1203 | D:2      | Reached skill level 5 in Spellcasting
  1402 | D:2      | Noticed Natasha
  1407 | D:2      | Killed Natasha
  1522 | D:3      | Reached XP level 5. HP: 28/28 MP: 11/14
  1527 | D:3      | Learned a level 4 spell: Iskenderun's Mystic Blast
  1695 | D:3      | Noticed Sigmund
  1702 | D:3      | Killed Sigmund
  1703 | D:3      | Reached skill level 6 in Spellcasting
  1703 | D:3      | Reached XP level 6. HP: 32/32 MP: 6/17
  2244 | D:4      | Reached skill level 7 in Spellcasting
  2363 | D:4      | Found a white marble altar of Elyvilon.
  2507 | D:4      | Reached XP level 7. HP: 13/36 MP: 10/20
  2979 | D:4      | Found a staircase to the Ecumenical Temple.
  3324 | Temple   | Entered the Ecumenical Temple
  3340 | Temple   | Became a worshipper of Vehumet
  3550 | D:5      | Entered Level 5 of the Dungeon
  3732 | D:5      | Reached skill level 8 in Spellcasting
  4123 | D:5      | Reached skill level 9 in Spellcasting
  4123 | D:5      | Reached XP level 8. HP: 17/41 MP: 5/23
  4209 | D:5      | Reached * piety under Vehumet
  4209 | D:5      | Offered knowledge of Shock by Vehumet.
  4215 | D:5      | Learned a level 1 spell: Shock
  4388 | D:5      | Found a bloodstained altar of Trog.
  4514 | D:6      | Reached skill level 10 in Spellcasting
  4734 | D:6      | Reached skill level 11 in Spellcasting
  4734 | D:6      | Reached skill level 10 in Conjurations
  4738 | D:6      | Reached ** piety under Vehumet
  4738 | D:6      | Offered knowledge of Sandblast by Vehumet.
  5033 | D:6      | Reached XP level 9. HP: 15/45 MP: 19/26
  5040 | D:6      | Identified the +2 kite shield "Sacvy" {rN+}
  5493 | D:7      | Found a shimmering altar of Xom.
  5632 | D:7      | Reached skill level 12 in Spellcasting
  5752 | D:6      | You fall into a shaft and drop 2 floors!
  6527 | D:8      | Reached skill level 13 in Spellcasting
  6528 | D:8      | Offered knowledge of Hailstorm by Vehumet.
  6533 | D:8      | Learned a level 3 spell: Hailstorm
  6598 | D:8      | Found a snail-covered altar of Cheibriados.
  6933 | D:9      | Reached *** piety under Vehumet
  6944 | D:9      | HP: 1/45 [orc warrior/+0 halberd (18)]
  6954 | D:9      | Reached XP level 10. HP: 43/50 MP: 16/29
  7132 | D:9      | Offered knowledge of Volatile Blastmotes by Vehumet.
  7265 | D:9      | Noticed a gargoyle
  7427 | D:10     | Entered Level 10 of the Dungeon
  7599 | D:10     | Noticed an orc knight
  7599 | D:10     | Noticed a cyclops
  7759 | D:10     | Reached skill level 14 in Spellcasting
  7948 | D:10     | Found a staircase to the Lair.
  8211 | D:10     | Noticed a green ugly thing
  8235 | D:10     | Killed a green ugly thing
  8550 | D:9      | Killed a gargoyle
  8551 | D:9      | Reached skill level 15 in Spellcasting
  8703 | D:9      | Reached **** piety under Vehumet
  8882 | D:9      | Found a staircase to the Orcish Mines.
  8889 | D:9      | Noticed Maurice
  8955 | D:9      | Killed Maurice
  9219 | D:10     | Reached XP level 11. HP: 54/54 MP: 20/32
  9248 | D:10     | Offered knowledge of Mephitic Cloud by Vehumet.
  9341 | D:10     | Learned a level 3 spell: Mephitic Cloud
  9501 | D:10     | Noticed Fannar
  9517 | D:10     | Killed Fannar
  9518 | D:10     | Reached skill level 16 in Spellcasting
  9648 | D:10     | Found an ornate altar of the Wu Jian Council.
  9735 | D:10     | Hit by a stone thrown by an orc knight

Illustrated notes

Levels and vault maps discovered:
D:1:      nicolae_arrival_memento_mori, layout_rooms
D:2:      layout_basic, uniq_natasha
D:3:      layout_loops_ring, uniq_sigmund
D:4:      layout_cave_pods, nicolae_overflow_hidden_temple,
          minmay_temple_entry_ruins
D:5:      old_forge, layout_cave_pools, trog_hazing_becter
D:6:      layout_rooms
D:7:      layout_basic, mainiacjoe_overflow_boulevard
D:8:      layout_loops_ring, chei_slow_surprise
D:9:      layout_loops_ring, david_orc_3, uniq_maurice
D:10:     minmay_curly_fans, layout_basic, nzn_wu_jian_contemplation,
          erik_lair_island, uniq_fannar
Temple:   minmay_crystal_spiral_temple

Skill      XL: |  1  2  3  4  5  6  7  8  9 10 11 |
---------------+----------------------------------+-----
Spellcasting   | 4 5 6 7 9 11 13 15 16 | 16.1
Conjurations   | 5 6 7 8 10 12 13 14 | 14.1
Dodging        | |  2.4
Stealth        | |  2.4

Action                     |  1- 3 |  4- 6 |  7- 9 | 10-12 || total
---------------------------+-------+-------+-------+-------++-------
  Melee: Unarmed           |     9 |       |       |       ||     9
         Halberd           |       |     8 |       |       ||     8
   Cast: Magic Dart        |    66 |    62 |   181 |    83 ||   392
         Searing Ray       |     1 |     9 |    31 |    14 ||    55
         Iskenderun's Myst |       |       |    30 |    55 ||    85
         Fulminant Prism   |       |       |     2 |     7 ||     9
         Hailstorm         |       |       |     2 |     2 ||     4
  Evoke: Wand              |       |       |     1 |       ||     1
    Use: Potion            |       |       |     4 |     6 ||    10
         Scroll            |       |       |     4 |     6 ||    10
 Armour: Robe              |     5 |     5 |     1 |       ||    11
         Steam dragon scal |       |       |     8 |    16 ||    24
  Dodge: Dodged            |     9 |    18 |    36 |    48 ||   111
